 Dungeon Crawl Stone Soup version 0.31-a0-986-g5e6e4ef867 (webtiles) character file.

Game seed: 11984196950335272997

249 Dittersdorf the Covered (level 6, -2/39 HPs)
             Began as a Gargoyle Fighter on Nov 3, 2023.
             Killed by divine providence
             ... invoked by an orc priest
              (11 damage)
             ... on level 4 of the Dungeon.
             The game lasted 00:02:44 (2165 turns).

Dittersdorf the Covered (Gargoyle Fighter)          Turns: 2165, Time: 00:02:45

Health: -2/39      AC: 16    Str: 21    XL:     6   Next: 12%
Magic:  6/6        EV:  8    Int:  9    God:
Gold:   161        SH:  9    Dex:  9    Spells: 5/5 levels left

rFire   + . .        a - +1 flail (freeze)
rCold   . . .        c - +0 buckler
rNeg    + . .        h - +0 chain mail
rPois   ∞            i - +0 helmet
rElec   +            (no cloak)
rCorr   .            (no gloves)
SInv    .            k - +0 pair of boots
Will    .....        f - amulet of reflection Stlth
                     b - ring of protection from fire
HPRegen 0.26/turn    (no ring)
MPRegen 0.10/turn

%: reflection
@: no status effects
A: sickness immunity, AC +4, negative energy resistance 1, electricity
resistance, torment resistance 1, petrification resistance
a: no special abilities


You were on level 4 of the Dungeon.
You visited 1 branch of the dungeon, and saw 4 of its levels.

You collected 161 gold pieces.

Inventory:

Hand Weapons
 a - a +1 flail of freezing (weapon)
Armour
 c - a +0 buckler (worn)
 h - a +0 chain mail (worn)
 i - a +0 helmet (worn)
 k - a +0 pair of boots (worn)
Jewellery
 b - a ring of protection from fire (left hand)
 f - an amulet of reflection (around neck)
Potions
 d - a potion of might
 e - 2 potions of heal wounds
 g - a potion of magic {unknown}
 l - 2 potions of curing
 m - a potion of cancellation


   Skills:
 + Level 4.5 Fighting
 + Level 3.5 Maces & Flails
 + Level 4.6 Armour
 + Level 4.6 Shields


You had 5 spell levels left.
You didn't know any spells.
Your spell library contained the following spells:

 Spells                   Type           Power      Damage    Failure   Level
 Gell's Gravitas          Tloc           0%         N/A       100%        3
 Inner Flame              Hex/Fire       0%         N/A       100%        3
 Teleport Other           Tloc           0%         N/A       100%        3
 Yara's Violent Unravell  Hex/Tmut       0%         3d3       100%        5
 Dispersal                Tloc           0%         N/A       100%        6
 Enfeeble                 Hex            0%         N/A       100%        7


Dungeon Overview and Level Annotations

Branches:
Dungeon (4/15)
 Temple: D:4-7

Altars:


Innate Abilities, Weirdness & Mutations

You are immune to sickness and miasma.
Your stone body is resilient. (AC +4)
You are immune to poison.
You resist negative energy. (rN+)
You are resistant to electric shocks. (rElec)
You are resistant to unholy torment.
You are immune to petrification.


Message History

You sock the orc! You freeze the orc.
You kill the orc!
The orc hits you but does no damage. You block the orc's attack.
You barely miss the orc. The orc hits you with a +0 hand axe.
You are too injured to fight recklessly!
You are too injured to fight recklessly!
You are too injured to fight recklessly!
You are too injured to fight recklessly!
You are too injured to fight recklessly!
You are too injured to fight recklessly!
You are too injured to fight recklessly!
You are too injured to fight recklessly!
You are too injured to fight recklessly!
You are too injured to fight recklessly!
You are too injured to fight recklessly!
You are too injured to fight recklessly!
You are too injured to fight recklessly!
You are too injured to fight recklessly!
You are too injured to fight recklessly!
You are too injured to fight recklessly!
You are too injured to fight recklessly!
You are too injured to fight recklessly!
You are too injured to fight recklessly!
You are too injured to fight recklessly!
You barely miss the orc priest. You block the orc's attack.
The orc priest hits you with a +0 club. You block the orc's attack.
You sock the orc priest! You freeze the orc priest.
The orc priest is almost dead.
The orc hits you but does no damage.
The orc priest mumbles some strange prayers to Beogh against you.
Pain shoots through your body!
* * * LOW HITPOINT WARNING * * *
The orc hits you but does no damage.
You barely miss the orc priest.
The orc priest is almost dead.
The orc closely misses you. The orc priest closely misses you.
The orc closely misses you. You block the orc's attack.
The orc priest invokes the aid of Beogh against you.
Beogh smites you!
You die...

#####.......#.#........
#.....####### ########.
#.....# #. #.....# #.
#.....# #) #.....# #.
#.....# #.
#.....######## #.
#.....@o...... ##
#....)oo......
#.............
#.............
#.............
#.............
##############


You could see an orc priest and 2 orcs.

Vanquished Creatures
  A scorpion (D:4)
  A sleepcap (D:4)
  An iguana (D:4)
  6 adders
  3 dart slugs
  7 orcs
  5 ball pythons
  2 bats (D:1)
  7 endoplasms
  A giant cockroach (D:2)
  9 goblins
  6 hobgoblins
  4 kobolds
  5 quokkas
  4 frilled lizards
  10 rats
72 creatures vanquished.

Notes
Turn   | Place    | Note
-------+----------+-------------------------------------------
     0 | D:1      | Dittersdorf the Gargoyle Fighter began the quest for the
                  | Orb.
     0 | D:1      | Reached XP level 1. HP: 14/14 MP: 1/1
    18 | D:1      | Found a faded altar of an unknown god.
   129 | D:1      | Reached XP level 2. HP: 19/19 MP: 2/2
   593 | D:2      | Reached XP level 3. HP: 23/23 MP: 3/3
   806 | D:2      | Reached XP level 4. HP: 24/29 MP: 4/4
  1767 | D:4      | Reached XP level 5. HP: 31/33 MP: 5/5
  2055 | D:4      | Reached XP level 6. HP: 37/39 MP: 6/6
  2165 | D:4      | Killed from afar by an orc priest

Illustrated notes

Levels and vault maps discovered:
D:1:      mainiacjoe_arrival_reflecting_pool, layout_basic,
          hellmonk_ecumenical_altar_arch_garden
D:2:      layout_rooms
D:3:      minmay_wonky_spiral, layout_basic
D:4:      layout_gridville, nicolae_hepliaklqana_hippocampus,
          minmay_temple_entry_offerings, kennysheep_potato

Skill      XL: |  1  2  3  4 |
---------------+-------------+-----
Armour         | 4 |  4.6
Fighting       | 4 |  4.5
Shields        | 4 |  4.6
Maces & Flails | 3 |  3.5

Action                     |  1- 3 |  4- 6 || total
---------------------------+-------+-------++-------
  Melee: Flail             |   120 |   127 ||   247
    Use: Scroll            |       |     9 ||     9
 Armour: Scale mail        |    82 |    49 ||   131
         Chain mail        |       |    44 ||    44
  Dodge: Dodged            |    53 |    46 ||    99
  Block: Buckler           |    63 |    63 ||   126
         Reflection        |     2 |     1 ||     3

Table legend: (Time is in decaauts)
 A = Elapsed time spent in this place.
 B = Non-inter-level travel time spent in this place.
 C = Inter-level travel time spent in this place.
 D = Time resting spent in this place.
 E = Time spent auto-exploring this place.
 F = Levels seen in this place.
 G = Mean time per level.
                   A        B        C        D        E       F      G
               +--------+--------+--------+--------+--------+-----+--------+
         Total |   2235 |   2096 |    139 |     81 |   1455 |   4 |  558.8 |
       Dungeon |   2235 |   2096 |    139 |     81 |   1455 |   4 |  558.8 |
               +--------+--------+--------+--------+--------+-----+--------+

Top non-repeatable levels by time:
     D:3: 692 daAuts
     D:1: 599 daAuts
     D:2: 516 daAuts
     D:4: 427 daAuts
